 Dungeon Crawl Stone Soup version 0.29.1-13-g9f3cf754e1 (webtiles) character file.

Game seed: 8848848392406581460

5387 shadowmeld the Thaumaturge (level 10, -6/84 HPs)
             Began as a Djinni Transmuter on Jan 30, 2023.
             Was an Initiate of Ashenzari.
             Killed by the air
             ... invoked by Gastronok
              (8 damage)
             ... on level 8 of the Dungeon.
             The game lasted 01:00:44 (10168 turns).

shadowmeld the Thaumaturge (Djinni Transmuter)     Turns: 10168, Time: 01:00:45

Health: -6/84      AC: 11    Str:  9    XL:     10   Next: 98%
Gold:   405        EV: 14    Int: 19    God:    Ashenzari [......] SH:  0 Dex: 20

rFire   x . .      SeeInvis .     - Unarmed
rCold   + + +      Faith    .   (shield currently unavailable)
rNeg    . . .      Spirit   .   (body armour currently unavailable)
rPois   ∞          Reflect  .   (helmet currently unavailable)
rElec   .          Harm     .   (cloak currently unavailable)
rCorr   .          Rampage  .   (gloves currently unavailable)
Will    +....                   (boots unavailable)
Stlth   ++........              (no amulet)
HPRegen 0.24/turn               k - ring of wizardry
MPRegen 0.00/turn               j - +6 ring of dexterity

@: ice-form, flying, slowed, very slow
A: freezing attack, flying, boosted hp, sickness immunity, large, (fire
resistance 2), (cold vulnerability 1), float, innate caster, HP casting, extra
vitality 1
a: End Transformation, Renounce Religion, Curse Item, Shatter the Chains


You were on level 8 of the Dungeon.
You worshipped Ashenzari.
Ashenzari was noncommittal.
You were a creature of crystalline ice.
You visited 2 branches of the dungeon, and saw 9 of its levels.
You also visited: Ossuary.

You collected 754 gold pieces.
You spent 349 gold pieces at shops.

Inventory:

Hand Weapons
 C - the cursed +8 dagger "Regret of Ashenzari" (melded) {vorpal, Int+6 SInv, Self, Cun}
   (You took it off a gnoll on level 5 of the Dungeon)

   It inflicts extra damage upon your enemies.
   Int:       It affects your intelligence (+6).
   SInv:      It lets you see invisible.
   It has a curse which improves the following skills: Introspection: Fighting
   and Spellcasting.
   Cunning:   Dodging and Stealth.
Missiles
 t - 13 poisoned darts
 B - a throwing net
 D - 5 curare-tipped darts
 G - a silver boomerang
Armour
 a - a +0 robe (melded)
 c - a +0 buckler
 L - the +1 helmet of Poor Excuses (melded) {rPois Dex+4}
   (You acquired it on level 8 of the Dungeon)

   Dex:       It affects your dexterity (+4).
   rPois:     It protects you from poison.
Jewellery
 j - a +6 ring of dexterity (right front paw)
 k - a ring of wizardry (left front paw)
 u - a +6 ring of dexterity
Wands
 H - a wand of flame (21)
 K - a wand of roots (9)
Scrolls
 d - a scroll of enchant armour
 e - 2 scrolls of teleportation
 i - 3 scrolls of enchant weapon
 l - 3 scrolls of fear
 q - 4 scrolls of immolation
 r - 2 scrolls of noise
 s - a scroll of blinking
 v - 3 scrolls of brand weapon
 y - 5 scrolls of magic mapping
 E - 2 scrolls of amnesia
 M - a scroll of torment {unknown}
 N - a scroll of poison
Potions
 b - 6 potions of lignification
 f - 7 potions of curing
 g - a potion of attraction {unknown}
 m - 2 potions of resistance
 n - 4 potions of haste
 o - 2 potions of might
 p - 2 potions of mutation
 w - 3 potions of magic
 x - 4 potions of brilliance
 z - a potion of berserk rage {unknown}
 A - 4 potions of degeneration
 F - 2 potions of ambrosia
 I - a potion of flight {unknown}


   Skills:
 * Level 5.4 Fighting
 * Level 7.0 Dodging
 + Level 6.0 Unarmed Combat
 * Level 9.5 Spellcasting


You had 10 spell levels left.
You knew the following spells:

 Your Spells              Type           Power      Damage    Failure   Level
a - Beastly Appendage     Tmut           90%        N/A       1%          1
b - Wereblood             Tmut           45%        N/A       1%          2
c - Spider Form           Tmut/Pois      45%        N/A       1%          3
d - Ice Form              Ice/Tmut       45%        N/A       1%          4
e - Shock                 Conj/Air       100%       1d9       1%          1
f - Static Discharge      Conj/Air       45%        3-9/arc   1%          2
g - Scorch                Fire           90%        2d10      1%          2
h - Vampiric Draining     Necr           45%        2d9       1%          3
Your spell library was empty.

Dungeon Overview and Level Annotations

Branches:
Dungeon (8/15)             Temple (1/1) D:5            Lair (0/5) D:8
Ossuary (visited)

Altars:
Ashenzari
Dithmenos
Elyvilon
Hepliaklqana
Nemelex Xobeh
Okawaru
Qazlal
Ru
Wu Jian
Xom
Yredelemnul
The Shining One

Shops:
D:6 [?   D:7 *   D:8 ?

Annotations:
D:8 Gastronok


Innate Abilities, Weirdness & Mutations

You are a creature of crystalline ice.
You have a powerful freezing melee attack.
You are flying.
Your maximum health is increased.
Your armour is entirely melded.
You are incapable of wielding weapons or throwing items.
You are immune to sickness and miasma.
You are immune to poison.
((Your flesh is very heat resistant. (rF++)))
((You are vulnerable to cold. (rC-)))
You float through the air rather than walking.
You learn spells naturally, not from books.
Your magical power is your life essence.
You have superior vitality. (+4 MHP)


Message History

Gastronok looks at you while chanting.
You feel yourself slow down.
Casting: Shock (safe; 1% risk of failure)
Confirm with . or Enter, or press ? or * to list all spells.
Aiming: Shock (safe; 1% risk of failure)
Press: ? - help, Shift-Dir - straight line, f/p - Gastronok
Aim: Gastronok, wearing the +3 hat of Pondering {ponderous, Will+ MP+10 Int+5} (lightly wounded, 100% to hit)
The zap hits Gastronok.
Gastronok is lightly wounded.
Gastronok waves his eye-stalks in wide circles.
The air twists around and strikes you!!
Casting: Shock (safe; 1% risk of failure)
Confirm with . or Enter, or press ? or * to list all spells.
Aiming: Shock (safe; 1% risk of failure)
Press: ? - help, Shift-Dir - straight line, f/p - Gastronok
Aim: Gastronok, wearing the +3 hat of Pondering {ponderous, Will+ MP+10 Int+5} (lightly wounded, 100% to hit)
The zap hits Gastronok!
Gastronok is lightly wounded.
* * * LOW HITPOINT WARNING * * *
You feel better.
As you read the scroll of silence, it crumbles to dust.
A profound silence engulfs you.
Gastronok waves his eye-stalks in wide circles.
The air twists around and strikes you!!
* * * LOW HITPOINT WARNING * * *
A wyvern comes into view.
An orc comes into view. It is wielding a +0 falchion.
Your hearing returns.
The wyvern bites you!
* * * LOW HITPOINT WARNING * * *
Gastronok gurgles, "It's true, you are what you eat."
The wyvern barely misses you.
The wyvern bites you but does no damage.
The wyvern bites you but does no damage.
The wyvern misses you. The wyvern bites you!
* * * LOW HITPOINT WARNING * * *
Gastronok waves his eye-stalks in wide circles.
The air twists around and strikes you!
You die...

....... #.)..# .......
#....#
.......##############....##
...o.................####..
..##+##o.............# #..
#.....w........# #..
#..............# #..
#...l#####'##########
#...Y#...............
#....#...............
#....#+#############.
#..... ###. ..... #.....
#... ..... #...... #...
..... #####.. #...
.....#### ... #...
........# . ### #...


You could see Gastronok, a wyvern and an orc.

Vanquished Creatures
  Erica (D:8)
  A hornet (D:8)
  Prince Ribbit (D:6)
  4 wyverns
  4 yaks (D:6)
  A basilisk (D:8)
  7 water moccasins
  A sky beast (D:7)
  6 black bears
  An orc warrior (D:8)
  3 ogres
  A phantom (D:5)
  A gnoll sergeant (D:7)
  A necrophage (D:6)
  A scorpion (D:4)
  5 killer bees (D:8)
  A howler monkey (D:5)
  A jelly (D:6)
  5 hounds
  6 orc priests
  2 iguanas
  2 orc wizards
  8 mummies (Ossuary)
  14 gnolls
  An adder (D:4)
  4 white imps
  2 ufetubi
  A worm (D:2)
  4 dart slugs
  22 orcs
  5 endoplasms
  2 giant cockroaches (D:1)
  9 goblins
  8 hobgoblins
  10 quokkas
  5 ball pythons
  A bat (D:2)
  A frilled lizard (D:1)
  A gnoll zombie (Ossuary)
  4 hobgoblin zombies (Ossuary)
  8 kobolds
  2 kobold zombies (Ossuary)
  An orc zombie (Ossuary)
  8 rats
177 creatures vanquished.

Vanquished Creatures (others)
  28 fungi
  23 plants
51 creatures vanquished.

Grand Total: 228 creatures vanquished

Notes
Turn   | Place    | Note
-------+----------+-------------------------------------------
     0 | D:1      | shadowmeld the Djinni Transmuter began the quest for the
                  | Orb.
     0 | D:1      | shadowmeld set off with the following spells memorised:
                  | Beastly Appendage, Wereblood, Spider Form, Ice Form.
     0 | D:1      | Reached XP level 1. HP: 17/17 MP: 0/0
   278 | D:1      | Reached XP level 2. HP: 15/22 MP: 0/0
   931 | D:1      | Reached XP level 3. HP: 26/27 MP: 0/0
   931 | D:1      | Learned a level 1 spell: Shock
  1055 | D:1      | Reached skill level 2 in Spellcasting
  2271 | D:2      | Reached XP level 4. HP: 31/32 MP: 0/0
  3098 | D:3      | Found a faded altar of an unknown god.
  3876 | D:4      | Reached XP level 5. HP: 36/38 MP: 0/0
  3876 | D:4      | Learned a level 2 spell: Static Discharge
  4190 | D:4      | Reached skill level 3 in Spellcasting
  4234 | D:4      | Reached XP level 6. HP: 30/43 MP: 0/0
  4684 | D:5      | Entered Level 5 of the Dungeon
  4770 | D:5      | Noticed a black bear
  4770 | D:5      | Noticed an ogre
  4861 | D:5      | Reached skill level 4 in Spellcasting
  4878 | D:5      | Found a sand-covered staircase.
  4937 | D:5      | Reached XP level 7. HP: 36/49 MP: 0/0
  4937 | D:5      | Learned a level 2 spell: Scorch
  5267 | Ossuary  | Entered an ossuary
  5286 | Ossuary  | Reached skill level 5 in Spellcasting
  5286 | Ossuary  | Reached XP level 8. HP: 44/55 MP: 0/0
  5783 | D:5      | Identified the +3 mace of Arbitration {flame, rF+ Str+2}
  5789 | D:5      | Identified the +8 dagger of the Forest {vorpal, Int+6 SInv}
  6128 | D:5      | Found a staircase to the Ecumenical Temple.
  6135 | Temple   | Entered the Ecumenical Temple
  6141 | Temple   | Became a worshipper of Ashenzari the Shackled
  6890 | D:6      | Reached skill level 5 in Dodging
  6985 | D:6      | Reached skill level 6 in Spellcasting
  7111 | D:6      | Found Gakeazi's Armour Shoppe.
  7266 | D:6      | Noticed a yak
  7268 | D:6      | Noticed a yak
  7269 | D:6      | Noticed a yak
  7278 | D:6      | Noticed a yak
  7281 | D:6      | Killed a yak
  7282 | D:6      | Reached XP level 9. HP: 52/62 MP: 0/0
  7282 | D:6      | Learned a level 3 spell: Vampiric Draining
  7285 | D:6      | Reached skill level 5 in Unarmed Combat
  7759 | D:6      | Noticed Prince Ribbit
  7765 | D:6      | Killed Prince Ribbit
  7766 | D:6      | Reached skill level 7 in Spellcasting
  8048 | D:6      | Found Zohael's Magic Scroll Emporium.
  8130 | D:6      | Found a stormy altar of Qazlal.
  8214 | D:7      | Found Zuprylo's Assorted Antiques.
  8248 | D:7      | Bought 3 scrolls of identify for 126 gold pieces
  8248 | D:7      | Bought a potion of lignification for 63 gold pieces
  8439 | D:7      | Reached XP level 10. HP: 69/69 MP: 0/0
  8523 | D:7      | Found a shadowy altar of Dithmenos.
  8934 | D:6      | Bought a scroll of identify for 20 gold pieces
  8934 | D:6      | Bought a scroll of identify for 20 gold pieces
  8934 | D:6      | Bought a scroll of poison for 40 gold pieces
  8934 | D:6      | Bought a scroll of identify for 20 gold pieces
  9254 | D:8      | Reached skill level 8 in Spellcasting
  9332 | D:8      | Reached skill level 5 in Fighting
  9387 | D:8      | Found a staircase to the Lair.
  9471 | D:8      | Reached skill level 9 in Spellcasting
  9774 | D:8      | Found Ketaozxu's Magic Scroll Shop.
  9793 | D:8      | Bought a scroll of identify for 30 gold pieces
  9793 | D:8      | Bought a scroll of identify for 30 gold pieces
  9794 | D:8      | Identified a scroll of acquirement
  9795 | D:8      | Acquired the +1 helmet of Poor Excuses {rPois Dex+4}
 10013 | D:8      | Noticed Erica
 10033 | D:8      | HP: 2/70 [rock wall collision (9)]
 10036 | D:8      | Killed Erica
 10130 | D:8      | Noticed Gastronok
 10168 | D:8      | HP: 2/84 [wyvern (9)]
 10168 | D:8      | Killed from afar by Gastronok

Illustrated notes

Levels and vault maps discovered:
D:1:      saegor_arrival_simple_e, layout_loops_ring, st_stairs_10
D:2:      layout_loops_cross
D:3:      layout_loops_corners, shapermc_ecumenical_altar_ellora,
          minmay_hedge_maze
D:4:      layout_loops_ring
D:5:      layout_loops_ring, minmay_temple_entry_gardened_gates,
          nicolae_ossuary_entry_plus
D:6:      layout_rooms, amcnicky_altar_gilded, nicolae_overflow_hidden_temple,
          serial_aquarium, aquarium_bridge_long_joined [aquarium_subvault_wall,
          aquarium_subvault_window, aquarium_subvault_bridge,
          aquarium_subvault_bridge, aquarium_subvault_wall,
          aquarium_subvault_window], aquarium_bridge_square
          [aquarium_subvault_bridge, aquarium_subvault_window,
          aquarium_subvault_wall, aquarium_subvault_bridge],
          aquarium_window_fake, aquarium_window_corridor_2, aquarium_window_2,
          aquarium_window_corner, aquarium_view_2c, aquarium_view_2c,
          roderic_roman_lattice, nicolae_take_the_stairs,
          minmay_shop_grid_forest, uniq_prince_ribbit1
D:7:      layout_loops_cross, general_overflow_altar, serial_shops,
          nicolae_shop_statue_plus
D:8:      layout_gridville, minmay_lair_entry_grove, serial_shops,
          nicolae_shop_statue_plus, uniq_gastronok, uniq_erica
Temple:   compressed_dpeg_triangle_lava_temple

Skill      XL: |  1  2  3  4  5  6  7  8  9 10 |
---------------+-------------------------------+-----
Spellcasting   | 2 3 4 5 6 7 9 |  9.5
Fighting       | 2 3 4 5 |  5.4
Dodging        | 3 4 5 6 7 |  7.0
Unarmed Combat | 4 5 6 |  6.0

Action                   |  1- 3 |  4- 6 |  7- 9 | 10-12 || total
-------------------------+-------+-------+-------+-------++-------
Melee: Unarmed           |    63 |    38 |    80 |    42 ||   223
       Headbutt          |    10 |       |       |       ||    10
       Punch             |     1 |       |       |       ||     1
 Cast: Beastly Appendage |    14 |     2 |       |       ||    16
       Shock             |    38 |    86 |   147 |    73 ||   344
       Spider Form       |       |     8 |    10 |     1 ||    19
       Ice Form          |       |       |     5 |     9 ||    14
       Vampiric Draining |       |       |    20 |    26 ||    46
       Static Discharge  |       |       |       |     3 ||     3
Invok: Curse Item        |       |       |     1 |       ||     1
  Use: Potion            |     1 |     3 |     5 |     4 ||    13
       Scroll            |       |     4 |     7 |    12 ||    23
 Stab: Sleeping          |     1 |       |       |       ||     1
Armor: Robe              |     6 |       |     2 |       ||     8
       Skin              |       |     3 |    42 |    20 ||    65
Dodge: Dodged            |    45 |    43 |   111 |    72 ||   271
